 Dungeon Crawl Stone Soup version 0.28.0 (webtiles) character file.

Game seed: 10491481166707206179

8591 SnakkuSnakku7 the Basher (level 11, 0/63 HPs)
             Began as a Kobold Warper on Feb 9, 2022.
             Was an Elder of Okawaru.
             Succumbed to a killer bee's poison
             ... on level 9 of the Dungeon.
             The game lasted 00:21:24 (15207 turns).

SnakkuSnakku7 the Basher (Kobold Warper)           Turns: 15207, Time: 00:21:25

Health: 0/63       AC: 13    Str: 19    XL:     11   Next: 58%
Magic:  14/14      EV: 10    Int: 15    God:    Okawaru [****..]
Gold:   501        SH:  0    Dex: 18    Spells: 14/14 levels left

rFire   . . .      SeeInvis .   a - +0 morningstar
rCold   . . .      Faith    .   (no shield)
rNeg    . . .      Spirit   .   k - +2 chain mail of the First Snow {*Corrode Str+7 Int-5 Dex+2}
rPois   .          Reflect  .   (no helmet)
rElec   .          Harm     .   t - +2 cloak
rCorr   .          Rampage  .   (no gloves)
Will    .....                   (no boots)
Stlth   ..........              C - amulet of magic regeneration
HPRegen 0.20/turn               l - +6 ring of intelligence
MPRegen 0.54/turn               (no ring)

@: lethally poisoned (0 -> -5)
A: small, no large weapons, nightstalker 3
a: Renounce Religion, Heroism, Finesse


You were on level 9 of the Dungeon.
You worshipped Okawaru.
Okawaru was greatly pleased with you.
You visited 2 branches of the dungeon, and saw 10 of its levels.
You also visited: Sewer.

You collected 501 gold pieces.

Inventory:

Hand Weapons
 a - a +0 morningstar (weapon)
 b - a +0 whip of venom
Missiles
 d - 3 boomerangs of dispersal (quivered)
 j - 5 silver boomerangs
 y - 4 boomerangs
Armour
 k - the +2 chain mail of the First Snow (worn) {*Corrode Str+7 Int-5 Dex+2}
   (You found it on level 3 of the Dungeon)

   Str:       It affects your strength (+7).
   Int:       It affects your intelligence (-5).
   Dex:       It affects your dexterity (+2).
   *Corrode:  It may corrode you when you take damage.
 m - the +8 plate armour "Vauggoib" {rPois rF- Int+6 Slay+4}
   (You took it off a rakshasa on level 7 of the Dungeon)

   Int:       It affects your intelligence (+6).
   Slay:      It affects your accuracy & damage with ranged weapons and melee
   (+4).
   rF:        It makes you vulnerable to fire.
   rPois:     It protects you from poison.
 t - a +2 cloak (worn)
 A - a +1 plate armour of willpower
Jewellery
 l - a +6 ring of intelligence (left hand)
 C - an amulet of magic regeneration (around neck)
Wands
 c - a wand of digging (4)
 p - a wand of flame (23)
Scrolls
 e - 2 scrolls of fog
 h - 2 scrolls of enchant armour
 q - a scroll of immolation {unknown}
 v - a scroll of amnesia
 w - 2 scrolls of enchant weapon
 x - 2 scrolls of silence
 z - a scroll of brand weapon
Potions
 f - a potion of ambrosia
 g - a potion of heal wounds {unknown}
 i - 2 potions of curing
 n - 3 potions of mutation
 o - a potion of attraction {unknown}
Miscellaneous
 B - a lightning rod (inert)


   Skills:
 - Level 5.0 Fighting
 + Level 13.4 Maces & Flails
 - Level 4.0 Throwing
 - Level 0.7 Armour
 - Level 2.4 Dodging
 - Level 2.1 Spellcasting
 - Level 3.0 Translocations
 + Level 3.2 Invocations
 - Level 8.0 Evocations


You had 14 spell levels left.
You didn't know any spells.
Your spell library contained the following spells:

 Spells                   Type           Power      Damage    Failure   Level
 Blink                    Tloc           20%        N/A       78%         2
 Gell's Gravitas          Tloc           10%        N/A       95%         3
 Lesser Beckoning         Tloc           10%        N/A       95%         3
 Teleport Other           Tloc           10%        N/A       95%         3
 Sublimation of Blood     Necr           1%         N/A       99%         2
 Wereblood                Tmut           1%         N/A       99%         2
 Portal Projectile        Hex/Tloc       12%        N/A       99%         3
 Hailstorm                Conj/Ice       1%         3d3       100%        4
 Leda's Liquefaction      Hex/Erth       0%         N/A       100%        4
 Blade Hands              Tmut           0%         N/A       100%        5
 Excruciating Wounds      Necr           0%         N/A       100%        5
 Fireball                 Conj/Fire      0%         3d3       100%        5
 Manifold Assault         Tloc           10%        N/A       100%        5
 Starburst                Conj/Fire      0%         6d3       100%        6
 Call Canine Familiar     Summ           Unusable   N/A       N/A         3
 Summon Hydra             Summ           Unusable   N/A       N/A         7

Dungeon Overview and Level Annotations

Branches:
Dungeon (9/15)             Temple (1/1) D:5           Sewer (visited)
   Lair: D:8-11         Orc: D:9-12

Altars:
Fedhas
Gozag
Kikubaaqudgha
Nemelex Xobeh
Okawaru
Ru
Trog
Uskayaw
Xom
Yredelemnul
Zin


Innate Abilities, Weirdness & Mutations

You are small and have problems with some larger weapons.
You are completely attuned to the shadows.


Message History

2 killer bees come into view.
You feel sick.
The killer bee buzzes angrily. x2; You hear an angry buzzing noise. x10
A killer bee comes into view.
Things that are here:
a killer bee corpse; a killer bee corpse
There are monsters nearby!
You feel sick.
The killer bee stings you but does no damage.
You thump the killer bee!
The killer bee is almost dead.
You feel sick. The killer bee closely misses you.
The killer bee stings you but does no damage.
You miss the killer bee. Your punch misses the killer bee.
The killer bee is almost dead.
You feel sick. The killer bee stings you.
* * * LOW HITPOINT WARNING * * *
You are more poisoned.
The killer bee poisons you!
You barely miss the killer bee.
The killer bee is almost dead.
You feel like a meek peon again.
You feel sick.
The killer bee stings you but does no damage.
The killer bee barely misses you.
You hit the killer bee.
You kill the killer bee!
Okawaru accepts your kill.
You feel sick.
You closely miss the killer bee.
You feel sick.
The killer bee stings you but does no damage.
The killer bee closely misses you.
You sock the killer bee!
The killer bee is heavily wounded.
You feel sick. The killer bee stings you!
* * * LOW HITPOINT WARNING * * *
The killer bee stings you but does no damage.
You closely miss the killer bee.
The killer bee is heavily wounded.
You die...

..#.#..####.## #.##..###..#
......####...###.###..##....
..#..####.[...#..####.##....
#.....))..#...............
#....###........#####.....
#.#..####......# #.....
...##..# #.....# #..... ...#
#..####....# ##..##.
..#...###..yy@....######..#
#.
..##..##....####..........#
## .. #..#.....##.#
##.####..#..## # ☼.
#.....####.# #..# #.<##..###
.# #.....# #y# #.##
#..#....## .## #..##.# ..
#.### ##.......# ..# #.#####
##...###......... ..####.#
#..............[. #†.)#..#
##....####......#


You could see 2 killer bees.

Vanquished Creatures
  A rakshasa (D:7)
  A boulder beetle (D:8)
  A two-headed ogre (D:8)
  2 deep elf pyromancers
  2 cyclopes
  A hornet (D:9)
  Grinder (D:5)
  A wyvern (D:9)
  Sigmund (D:5)
  Eustachio (D:4)
  2 steam dragons (D:8)
  2 vampire mosquitoes (D:8)
  2 water moccasins
  Pargi (Sewer)
  A sky beast (D:8)
  2 ice beasts (D:7)
  A black bear (D:7)
  A necrophage (D:7)
  2 orc warriors
  A hornet zombie (D:9)
  2 ogres
  A tengu (D:8)
  4 centaurs
  A phantom (D:6)
  A kobold brigand (D:8)
  6 bullfrogs
  2 scorpions
  A water moccasin skeleton (D:5)
  4 killer bees (D:9)
  3 wights (D:9)
  4 howler monkeys
  2 centaur zombies
  A jelly (D:6)
  4 orc priests
  5 hounds
  A gnoll shaman (D:7)
  2 bullfrog skeletons
  3 iguanas
  A scorpion zombie (D:5)
  Ijyb (D:3)
  6 orc wizards
  4 killer bee zombies
  2 howler monkey zombies
  6 gnolls (D:7)
  7 adders
  3 white imps
  An ufetubus (D:3)
  3 worms
  A dart slug (D:2)
  20 orcs
  8 bats
  3 endoplasms
  2 giant cockroaches
  8 goblins
  4 hobgoblins
  7 ball pythons
  5 frilled lizards
  11 kobolds
  9 rats
186 creatures vanquished.

Vanquished Creatures (others)
  A bullfrog (D:9)
  A gnoll (D:7)
  An orc (D:8)
  4 fungi (D:3)
  10 plants
17 creatures vanquished.

Grand Total: 203 creatures vanquished

Notes
Turn   | Place    | Note
-------+----------+-------------------------------------------
     0 | D:1      | SnakkuSnakku7 the Kobold Warper began the quest for the
                  | Orb.
     0 | D:1      | Reached XP level 1. HP: 12/12 MP: 3/3
   125 | D:1      | Reached skill level 2 in Maces & Flails
   301 | D:1      | Reached XP level 2. HP: 15/17 MP: 5/5
  1147 | D:2      | Reached skill level 3 in Maces & Flails
  1147 | D:2      | Reached XP level 3. HP: 12/21 MP: 6/6
  2181 | D:2      | Reached XP level 4. HP: 15/26 MP: 7/7
  2709 | D:3      | Reached skill level 4 in Maces & Flails
  2863 | D:3      | Reached XP level 5. HP: 12/32 MP: 8/8
  3087 | D:3      | Noticed Ijyb
  3101 | D:3      | Killed Ijyb
  3328 | D:3      | Noticed a bullfrog
  3328 | D:3      | an orc priest changed into a bullfrog
  3599 | D:3      | Killed a bullfrog
  3600 | D:3      | Reached XP level 6. HP: 24/38 MP: 9/9
  3656 | D:3      | Identified the +2 chain mail of the First Snow {*Corrode
                  | Str+7 Int-5 Dex+2}
  3823 | D:3      | Found a faded altar of an unknown god.
  4252 | D:4      | Reached skill level 5 in Maces & Flails
  4660 | D:4      | Noticed Eustachio
  4681 | D:4      | HP: 1/38 [quasit[Eustachio] (1)]
  4703 | D:4      | Killed Eustachio
  4704 | D:4      | Reached XP level 7. HP: 30/44 MP: 10/10
  4950 | D:4      | Reached skill level 5 in Fighting
  5147 | D:4      | Reached skill level 6 in Maces & Flails
  6178 | D:5      | Entered Level 5 of the Dungeon
  6292 | D:5      | Noticed Sigmund
  6414 | D:5      | Killed Sigmund
  6415 | D:5      | Reached XP level 8. HP: 29/49 MP: 11/11
  6483 | D:5      | Reached skill level 7 in Maces & Flails
  6549 | D:5      | Found a glowing drain.
  6592 | Sewer    | Entered a sewer
  6742 | Sewer    | Noticed Pargi
  6752 | Sewer    | Killed Pargi
  6911 | D:5      | Noticed Grinder
  6946 | D:5      | Killed Grinder
  6947 | D:5      | Reached skill level 8 in Maces & Flails
  7141 | D:5      | Reached skill level 1 in Evocations
  7326 | D:5      | Found a staircase to the Ecumenical Temple.
  7376 | Temple   | Entered the Ecumenical Temple
  7440 | Temple   | Became a worshipper of Warmaster Okawaru
  7745 | D:6      | Reached XP level 9. HP: 54/54 MP: 12/12
  7820 | D:6      | Found a shimmering altar of Xom.
  7892 | D:6      | Reached skill level 9 in Maces & Flails
  8974 | D:6      | Reached skill level 5 in Evocations
  9082 | D:7      | Reached * piety under Okawaru
  9308 | D:7      | Noticed a deep elf pyromancer
  9331 | D:7      | Identified the +8 plate armour "Vauggoib" {rPois rF- Int+6
                  | Slay+4}
  9331 | D:7      | Noticed a rakshasa
  9484 | D:7      | Noticed a cyclops
  9495 | D:7      | Killed a cyclops
  9517 | D:7      | Reached skill level 10 in Maces & Flails
  9865 | D:8      | Reached XP level 10. HP: 35/59 MP: 13/13
 10463 | D:8      | Noticed a boulder beetle
 10473 | D:8      | Killed a boulder beetle
 10473 | D:8      | Reached ** piety under Okawaru
 10474 | D:8      | Reached skill level 11 in Maces & Flails
 10636 | D:8      | Noticed a two-headed ogre
 10912 | D:7      | Found a bloodstained altar of Trog.
 11211 | D:7      | Found an opulent altar of Gozag.
 11560 | D:7      | Killed a rakshasa
 11560 | D:7      | Reached *** piety under Okawaru
 12245 | D:7      | Got Sif Muna's Volume of the Volcanoes and Confrontation
 12364 | D:7      | Killed a deep elf pyromancer
 12364 | D:7      | Reached **** piety under Okawaru
 12364 | D:7      | Received a gift from Okawaru
 12365 | D:7      | Reached skill level 12 in Maces & Flails
 12365 | D:7      | Reached XP level 11. HP: 63/63 MP: 14/14
 12817 | D:8      | HP: 1/63 [something/ball of steam (6)]
 13284 | D:8      | Killed a two-headed ogre
 13405 | D:8      | Noticed a brown ugly thing
 13592 | D:8      | Noticed a cyclops
 13607 | D:8      | Killed a cyclops
 13608 | D:8      | Reached skill level 13 in Maces & Flails
 13953 | D:8      | Reached skill level 1 in Invocations
 14397 | D:9      | Paralysed by a hornet for 2 turns
 14994 | D:9      | Noticed a deep elf pyromancer
 15013 | D:9      | Killed a deep elf pyromancer
 15206 | D:9      | HP: 1/63 [killer bee (7)]
 15207 | D:9      | Succumbed to a killer bee's poison

Illustrated notes

Levels and vault maps discovered:
D:1:      dpeg_arrival_tiny_h, layout_basic
D:2:      layout_basic, nrook_mini_backslash
D:3:      layout_basic, dreamdust_ecumenical_altar_grove, uniq_ijyb
D:4:      layout_layer_cave, uniq_eustachio
D:5:      layout_loops_ring, temple_fountains, portal_sewer_entry_c,
          uniq_sigmund, uniq_grinder
D:6:      layout_basic, kennysheep_mini, kennysheep_path_1
D:7:      minmay_the_grid_plus_closed [minmay_the_grid_square_x,
          minmay_the_grid_spikes, minmay_the_grid_mess,
          minmay_the_grid_small_cups, minmay_the_grid_prize_diamond_cup],
          layout_loops_ring, mainiacjoe_overflow_catch_the_wave,
          kennysheep_doodads, grunt_decor_resistance
D:8:      wad_arrow_thing, layout_basic, dk_noncrumbling_4, st_stairs_8,
          serial_bayou_crossing
D:9:      layout_layer_cave, old_standard_altar, erik_lair_island, special_room
          [special_room_bee], evilmike_butchery
Temple:   eino_temple_rhombus

Skill      XL: |  1  2  3  4  5  6  7  8  9 10 11 |
---------------+----------------------------------+-----
Maces & Flails | 2 3 4 5 6 8 10 12 13 | 13.4
Fighting       | 3 4 5 |  5.0
Evocations     | 2 7 8 |  8.0
Throwing       | 4 |  4.0
Invocations    | 3 |  3.2
Armour         | |  0.7
Dodging        | |  2.4
Spellcasting   | |  2.1
Translocations | |  3.0

Action                   |  1- 3 |  4- 6 |  7- 9 | 10-12 || total
-------------------------+-------+-------+-------+-------++-------
Melee: Mace              |    21 |       |       |       ||    21
       Flail             |    88 |   177 |   321 |   288 ||   874
       Punch             |       |     5 |     3 |    14 ||    22
       Morningstar       |       |       |       |    65 ||    65
       Whip              |       |       |       |     6 ||     6
Throw: Boomerang         |       |       |       |     2 ||     2
Invok: Heroism           |       |       |     1 |     9 ||    10
Evoke: Wand              |       |     2 |    16 |    17 ||    35
       Lightning rod     |       |       |       |     4 ||     4
  Use: Scroll            |       |     5 |    12 |     4 ||    21
       Potion            |       |     2 |       |     4 ||     6
 Stab: Sleeping          |     1 |     4 |       |       ||     5
Armor: Leather armour    |    15 |       |       |       ||    15
       Ring mail         |    21 |    35 |       |       ||    56
       Chain mail        |       |   103 |   161 |   196 ||   460
Dodge: Dodged            |   102 |   168 |   151 |   194 ||   615
